 Dungeon Crawl Stone Soup version 0.22.1-6-g1668fe2c40 (webtiles) character file.

469 McIrco the Shield-Bearer (level 6, -7/49 HPs)
             Began as a Demonspawn Fighter on Jan 18, 2019.
             Mangled by a troll (9 damage)
             ... on level 5 of the Dungeon.
             The game lasted 00:03:55 (3063 turns).

McIrco the Shield-Bearer (Demonspawn Fighter)       Turns: 3063, Time: 00:03:55

Health: -7/49      AC:  8    Str: 16    XL:     6   Next: 82%
Magic:  6/6        EV: 13    Int: 10    God:
Gold:   219        SH: 10    Dex: 19    Spells: 5/5 levels left

rFire    . . .     SeeInvis .   a - +0 long sword
rCold    . . .     Gourm    .   c - +0 shield
rNeg     . . .     Faith    .   b - +0 scale mail
rPois    .         Spirit   .   (no helmet)
rElec    .         Reflect  .   (no cloak)
rCorr    .         Harm     .   s - +0 pair of gloves
MR       .....                  (no boots)
Stlth    +.........             (no amulet)
HPRegen  0.16/turn              (no ring)
MPRegen  0.10/turn              (no ring)

@: agile
A: talons 2, powered by pain 2
a: no special abilities


You were on level 5 of the Dungeon.
You were not hungry.

You visited 1 branch of the dungeon, and saw 5 of its levels.

You collected 219 gold pieces.

Inventory:

Hand Weapons
 a - a +0 long sword (weapon)
Armour
 b - a +0 scale mail (worn)
 c - a +0 shield (worn)
 s - a +0 pair of gloves (worn)
Jewellery
 k - an uncursed amulet of the acrobat {unknown}
Scrolls
 g - a scroll of magic mapping {unknown}
 h - 9 scrolls of identify {unknown}
 m - a scroll of amnesia {unknown}
 n - 3 scrolls of remove curse {unknown}
 o - 2 scrolls of immolation {unknown}
 q - a scroll of teleportation {unknown}
 u - a scroll of blinking {unknown}
 v - a scroll of enchant armour {unknown}
Potions
 d - 4 potions of might
 e - 2 potions of lignification {unknown}
 i - a potion of invisibility {unknown}
 j - 2 potions of agility {unknown}
 l - 2 potions of brilliance {unknown}
 p - 2 potions of degeneration {unknown}
 r - a potion of flight {unknown}
 t - 2 potions of ambrosia {unknown}
Comestibles
 f - 6 rations
 w - a chunk of flesh


   Skills:
 + Level 4.4 Fighting
 - Level 1.7 Long Blades
 + Level 4.5 Armour
 + Level 2.0 Dodging
 + Level 4.6 Shields


You had 5 spell levels left.
You didn't know any spells.
Your spell library was empty.

Dungeon Overview and Level Annotations

Branches:
Dungeon (5/15)             Temple (0/1) D:4

Altars:
Gozag
Makhleb
Nemelex Xobeh
Wu Jian
Yredelemnul
Zin


Innate Abilities, Weirdness & Mutations

You have razor-sharp toenails.
You sometimes gain power by taking damage.


Message History

You hit the iguana but do no damage. You claw the iguana.
The iguana is heavily wounded.
The iguana closely misses you. The troll bites you. The troll claws you.
You block the troll's attack.
You are too injured to fight recklessly!
You are too injured to fight recklessly!
You are too injured to fight recklessly!
You are too injured to fight recklessly!
You hit the troll. Your kick misses the troll.
The troll is lightly wounded.
You block the troll's attack. The troll barely misses you. The troll claws you!
The iguana bites you.
* * * LOW HITPOINT WARNING * * *
The iguana bites you!
* * * LOW HITPOINT WARNING * * *
You focus on the pain.
You feel more agile all of a sudden. The troll bites you but does no damage.
The troll completely misses you. The troll claws you!
You die...

....#
#......##.#
....#
#......##.#
....#
######.##.##
....# #.#...#
....# #.....#
....# ##....#
.)..# #.#.##
########.#.#
......T@...#
......l....#
...........#
.............
...........###
...........#
.........#..
...#######>..


You could see a troll and an iguana.

Vanquished Creatures
  An ogre (D:4)
  A crimson imp (D:4)
  2 hounds
  3 orc priests
  An iguana (D:4)
  An orc wizard (D:3)
  6 adders
  2 oozes (D:1)
  An adder skeleton (D:4)
  2 leopard geckos
  19 orcs
  4 bats
  5 giant cockroaches
  6 goblins
  8 hobgoblins
  3 jackals (D:4)
  A quokka (D:2)
  2 ball pythons
  6 kobolds
  11 rats
85 creatures vanquished.

Notes
Turn   | Place    | Note
-------+----------+-------------------------------------------
     0 | D:1      | McIrco the Demonspawn Fighter began the quest for the Orb.
     0 | D:1      | Reached XP level 1. HP: 18/18 MP: 1/1
    75 | D:1      | Gained mutation: You have sharp toenails. [demonic
                  | ancestry]
    75 | D:1      | Reached XP level 2. HP: 13/24 MP: 2/2
   510 | D:2      | Reached XP level 3. HP: 29/29 MP: 3/3
   814 | D:2      | Gained mutation: You have razor-sharp toenails. [demonic
                  | ancestry]
   814 | D:2      | Reached XP level 4. HP: 29/35 MP: 4/4
  1441 | D:3      | Reached skill level 1 in Dodging
  1446 | D:3      | Gained mutation: You sometimes gain a little power by
                  | taking damage. [demonic ancestry]
  1446 | D:3      | Reached XP level 5. HP: 29/42 MP: 5/5
  1510 | D:3      | Found a basalt altar of Yredelemnul.
  1510 | D:3      | Found a sparkling altar of Nemelex Xobeh.
  2208 | D:4      | Found an ornate altar of the Wu Jian Council.
  2352 | D:4      | Found a staircase to the Ecumenical Temple.
  2468 | D:4      | Gained mutation: You sometimes gain power by taking damage.
                  | [demonic ancestry]
  2468 | D:4      | Reached XP level 6. HP: 37/48 MP: 6/6
  2856 | D:4      | Found a burning altar of Makhleb.
  2901 | D:5      | Entered Level 5 of the Dungeon
  2918 | D:5      | Found a glowing silver altar of Zin.
  2941 | D:5      | Found an opulent altar of Gozag.
  3056 | D:5      | Noticed a troll
  3063 | D:5      | HP: 2/49 [iguana (11)]
  3063 | D:5      | Mangled by a troll

Skill      XL: |  1  2  3  4  5  6 |
---------------+-------------------+-----
Shields        | 3 4 |  4.6
Armour         | 3 4 |  4.5
Dodging        | 1 2 |  2.0
Fighting       | 4 |  4.4
Long Blades    | |  1.7

Action                   |  1- 3 |  4- 6 || total
-------------------------+-------+-------++-------
Melee: Long sword        |   104 |   205 ||   309
       Kick              |    16 |    61 ||    77
  Use: Potion            |     1 |       ||     1
  Eat: Chunk             |       |     8 ||     8
Armor: Scale mail        |    40 |   102 ||   142
Dodge: Dodged            |    26 |    90 ||   116
Block: Shield            |    53 |   117 ||   170
       Rpst.: Long sword |     4 |    21 ||    25
